Map: Ulrena

Players

MCanning - Winner!

  • Race: Protoss Protoss
  • League: Grandmaster

TorA

  • Race: Terran Terran
  • League: Master

VOD

Have the link to the VOD?

Description

Time

  • Played on: Jan. 17, 2016, 8:58 p.m.
  • Length: 8:39
Show
View Real Time Build Order
Export as new Build Order

MCanning Protoss - Winner!

Build Orders: Phoenix Opening 

Get SALT Encoding   

  12  0:00  Probe (Chrono Boost)  
  13  0:11  Probe (Chrono Boost)  
  14  0:17  Pylon  
  14  0:22  Probe (Chrono Boost)  
  15  0:36  Probe (Chrono Boost)  
  15  0:38  Gateway  
  16  0:46  Probe (Chrono Boost)  
  16  0:47  Assimilator  
  18  0:57  Probe (Chrono Boost)  
  18  0:58  Assimilator  
  18  1:07  Probe (Chrono Boost)  
  19  1:15  Pylon  
  19  1:18  Probe (Chrono Boost)  
  20  1:28  Probe (Chrono Boost)  
  20  1:30  Cybernetics Core  
  21  1:39  Probe (Chrono Boost)  
  22  1:47  Pylon  
  22  1:50  Probe (Chrono Boost)  
  23  2:00  Probe (Chrono Boost)  
  24  2:06  Adept (Chrono Boost)  
  24  2:08  Warp Gate  
  26  2:11  Mothership Core  
  28  2:17  Stargate  
  28  2:32  Probe (Chrono Boost)  
  29  2:38  Stalker  
  31  2:49  Probe (Chrono Boost)  
  32  2:57  Gateway  
  32  3:01  Pylon  
  32  3:02  Phoenix (Chrono Boost)  
  34  3:25  Phoenix (Chrono Boost)  
  36  3:37  Nexus  
  36  3:41  Probe  
  37  3:46  Phoenix (Chrono Boost)  
  39  3:50  Twilight Council  
  39  3:54  Probe  
  40  4:06  Probe  
  40  4:08  Phoenix (Chrono Boost)  
  43  4:17  Gateway  
  44  4:26  Pylon  
  44  4:30  Pylon  
  41  4:35  Adept  
  40  4:50  Adept  
  40  4:51  Resonating Glaives (Chrono Boost)  
  40  4:57  Mothership Core (Chrono Boost)  
  40  5:01  Adept  
  42  5:11  Adept  
  40  5:21  Pylon  
  40  5:27  Adept  
  40  5:33  Adept  
  30  5:51  Adept  
  30  5:55  Adept  
  30  6:01  Phoenix  
  28  6:11  Adept  
  28  6:17  Adept  
  32  6:26  Phoenix  
  32  6:33  Stalker  
  32  6:34  Probe  
  32  6:39  Pylon  
  33  6:50  Probe  
  31  7:03  Pylon  
  31  7:08  Adept x2  
  33  7:20  Pylon  
  33  7:27  Adept x2  
  37  7:40  Phoenix  
  39  7:50  Pylon  
  39  7:51  Adept  
  39  7:58  Adept  
  40  8:23  Adept x2  
Show
View Real Time Build Order
Export as new Build Order

TorA Terran 

Build Orders: 1/1/1, Liberator Opening 

Get SALT Encoding   

  12  0:00  SCV  
  13  0:13  SCV  
  14  0:17  Supply Depot  
  14  0:25  SCV  
  15  0:31  Refinery  
  15  0:39  SCV  
  16  0:45  Barracks  
  16  0:51  SCV  
  17  1:03  SCV  
  18  1:15  SCV  
  19  1:31  Orbital Command  
  19  1:32  Marine  
  20  1:34  Factory  
  20  1:40  Refinery  
  20  1:42  Supply Depot  
  20  1:57  Barracks Reactor  
  20  2:00  SCV  
  21  2:12  SCV  
  22  2:18  Hellion, Starport  
  24  2:24  SCV  
  24  2:29  Supply Depot  
  25  2:34  Marine x2  
  27  2:40  Factory Tech Lab  
  27  2:42  SCV  
  28  2:54  SCV  
  28  2:57  Marine  
  28  2:58  Liberator, Marine  
  31  2:59  Siege Tank  
  33  3:15  Marine x2  
  38  3:21  Supply Depot  
  38  3:28  Supply Depot  
  38  3:36  Marine  
  39  3:42  Marine  
  39  3:43  Siege Tank  
  39  3:46  Engineering Bay  
  43  3:54  Marine  
  44  3:58  Viking  
  44  4:00  Marine  
  47  4:12  Marine  
  48  4:18  Marine  
  48  4:20  Supply Depot  
  48  4:22  Missile Turret  
  49  4:46  Liberator  
  43  5:01  Marine x2  
  43  5:02  Siege Tank  
  50  5:28  Marine x2  
  47  5:34  Siege Tank  
  39  6:03  Liberator  
  30  6:18  Marine  
  30  6:19  Siege Tank, Marine  
  33  6:36  Marine x2  
  32  6:50  Liberator  
  32  6:54  Marine x2  
  34  7:07  Siege Tank  
  37  7:11  SCV  
  35  7:41  Marine x2  
  35  7:42  Siege Tank  
  31  7:58  SCV  
  32  8:00  Marine x2  
Tags
 
Add a new tag
Caveats
  • Supply blocks, unpowered buildings, or Contaminate may cause inaccurate times.
  • Supply counts are checked every 10 seconds.